 Dungeon Crawl Stone Soup version 0.28.0-1-gb440e238dd (webtiles) character file.

Game seed: 16666518395062145108

2209 smarlow the Destroyer (level 9, -4/49 HPs)
             Began as a Deep Elf Conjurer on Feb 23, 2022.
             Was an Initiate of Vehumet.
             Shot with a sling bullet by Joseph (19 damage)
             ... on level 7 of the Dungeon.
             The game lasted 00:22:12 (8125 turns).

smarlow the Destroyer (Deep Elf Conjurer)           Turns: 8125, Time: 00:22:13

Health: -4/49      AC:  5    Str:  8    XL:     9   Next: 13%
Magic:  19/21      EV: 12    Int: 30    God:    Vehumet [......]
Gold:   352        SH:  0    Dex: 13    Spells: 11/22 levels left

rFire   . . .      SeeInvis .   u - +4 quarterstaff of Truncation {vorpal, rPois Str+4}
rCold   . . .      Faith    .   (shield currently unavailable)
rNeg    . . .      Spirit   .   a - +1 robe
rPois   +          Reflect  .   (no helmet)
rElec   .          Harm     .   d - +1 cloak of Amegh {rCorr}
rCorr   +          Rampage  .   (no gloves)
Will    .....                   (no boots)
Stlth   ++........              (no amulet)
HPRegen 0.16/turn               (no ring)
MPRegen 0.17/turn               (no ring)

@: about to teleport
A: hooves 1, clever 1, robust 1
a: Renounce Religion


You were on level 7 of the Dungeon.
You worshipped Vehumet.
Vehumet was noncommittal.
You visited 2 branches of the dungeon, and saw 8 of its levels.
You also visited: Sewer.

You collected 352 gold pieces.

Inventory:

Hand Weapons
 u - the +4 quarterstaff of Truncation (weapon) {vorpal, rPois Str+4}
   (You found it on level 5 of the Dungeon)

   It inflicts extra damage upon your enemies.
   Str:       It affects your strength (+4).
   rPois:     It protects you from poison.
Armour
 a - a +1 robe (worn)
 d - the +1 cloak of Amegh (worn) {rCorr}
   (You found it on level 7 of the Dungeon)

   rCorr:     It protects you from acid and corrosion.
 p - a +2 leather armour of cold resistance
 t - a scarf of repulsion
Jewellery
 h - a ring of wizardry
Wands
 o - a wand of flame (23)
 v - a wand of polymorph (7)
Scrolls
 b - 3 scrolls of fear
 e - a scroll of identify
 f - a scroll of enchant armour
 j - 2 scrolls of amnesia
 q - a scroll of enchant weapon
Potions
 c - a potion of mutation
 g - 2 potions of curing
 i - 3 potions of magic
 k - 3 potions of haste
 r - a potion of berserk rage


   Skills:
 + Level 2.7 Staves
 + Level 1.3 Armour
 - Level 2.4 Dodging
 - Level 2.4 Stealth
 + Level 7.3 Spellcasting
 * Level 10.4 Conjurations
 + Level 6.0 Translocations


You had 11 spell levels left.
You knew the following spells:

 Your Spells              Type           Power      Damage    Failure   Level
a - Magic Dart            Conj           100%       1d8       1%          1
b - Searing Ray           Conj           100%       2d8       1%          2
c - Iskenderun's Mystic   Conj/Tloc      57%        2d12      1%          4
d - Fulminant Prism       Conj/Hex       21%        3d13      5%          4

Your spell library contained the following spells:

 Spells                   Type           Power      Damage    Failure   Level
 Dazzling Flash           Conj/Hex       84%        N/A       1%          3


Dungeon Overview and Level Annotations

Branches:
Dungeon (7/15)             Temple (1/1) D:6           Sewer (visited)

Altars:
Fedhas
Sif Muna
Vehumet
Zin

Annotations:
D:4 Edmund
D:7 Joseph


Innate Abilities, Weirdness & Mutations

You have large cloven feet.
Your mind is acute. (Int +2)
You are robust. (+10% HP)


Message History

You resist with significant effort.
The searing ray hits the orc priest!
You kill the orc priest!
Vehumet accepts your kill.
h - a ring of wizardry
Things that are here:
a +0 dagger of electrocution; an orc corpse
Found a chain mail.
Found 27 stones.
Found a stone staircase leading down.
You see here a +0 chain mail.
You hear the quick creaking of a distant portcullis.
You open the door.
There is an open door here.
Found a scroll of teleportation.
l - a scroll of teleportation
Found a potion of curing.
Found a stone staircase leading down.
Found 15 gold pieces.
Joseph shouts!
You hear a shout! x2
Joseph shoots a sling bullet.
The sling bullet hits you!
You see here a potion of curing.
Casting: Searing Ray (safe; 1% risk of failure)
Confirm with . or Enter, or press ? or * to list all spells.
You can't see any susceptible monsters within range! (Use Z to cast anyway.)
Casting: Searing Ray (safe; 1% risk of failure)
Confirm with . or Enter, or press ? or * to list all spells.
Aiming: Searing Ray (safe; 1% risk of failure)
Press: ? - help, Shift-Dir - straight line, f - Joseph
Aim: Joseph, wielding a +0 hunting sling, wearing a +0 ring mail and quivering sling bullets (85% to hit)
The searing ray hits Joseph.
Joseph is lightly wounded. (Press . to maintain the ray.) Joseph shoots a sling bullet.
The sling bullet hits you!
As you read the scroll of teleportation, it crumbles to dust.
You feel strangely unstable.
Joseph shoots a sling bullet.
The sling bullet hits you!
* * * LOW HITPOINT WARNING * * *
You feel better.
Joseph sighs, "Being a guard is usually so boring..."
Joseph shoots a sling bullet.
The sling bullet hits you!!
You die...

#############
#............
+............
#######............
#>@................
#!########.#.......
#.# #.#....... #$#
#.#....... #@#
#.######## #.. ...
.... #.# #.# ##.
.... ...#.# #.# .
..(. #..#.# #.#


You could see Joseph.

Vanquished Creatures
  Pikel (D:6)
  Prince Ribbit (D:6)
  Grinder (D:6)
  2 water moccasins
  A sky beast (D:4)
  An ogre (D:5)
  A lemure (D:6)
  A phantom (D:5)
  A bullfrog (D:4)
  A scorpion (D:5)
  A water moccasin skeleton (D:4)
  A hound (D:6)
  2 jellies (D:4)
  2 orc priests
  2 bullfrog skeletons
  A gnoll shaman (D:4)
  Ijyb (D:5)
  3 iguanas
  5 orc wizards
  5 gnolls (D:4)
  7 adders
  6 worms
  3 dart slugs
  16 orcs
  7 ball pythons
  10 endoplasms
  4 giant cockroaches
  8 hobgoblins
  4 jackals
  6 kobolds
  6 quokkas
  11 bats
  2 frilled lizards
  6 goblins
  3 rats
133 creatures vanquished.

Vanquished Creatures (others)
  2 fulminant prisms (D:4)
  13 plants (D:4)
15 creatures vanquished.

Grand Total: 148 creatures vanquished

Notes
Turn   | Place    | Note
-------+----------+-------------------------------------------
     0 | D:1      | smarlow the Deep Elf Conjurer began the quest for the Orb.
     0 | D:1      | Reached XP level 1. HP: 10/10 MP: 6/6
    58 | D:1      | Found a faded altar of an unknown god.
   199 | D:1      | Reached XP level 2. HP: 15/15 MP: 2/8
   346 | D:1      | Reached skill level 5 in Conjurations
   960 | D:2      | Learned a level 2 spell: Searing Ray
  1012 | D:2      | Reached XP level 3. HP: 19/19 MP: 5/9
  1277 | D:2      | Reached skill level 6 in Conjurations
  1344 | D:2      | Found a shimmering blue altar of Sif Muna.
  1557 | D:2      | Reached XP level 4. HP: 24/24 MP: 6/10
  1728 | D:2      | Learned a level 4 spell: Iskenderun's Mystic Blast
  1938 | D:2      | Reached skill level 1 in Translocations
  2367 | D:3      | Reached XP level 5. HP: 28/28 MP: 5/11
  3288 | D:4      | Reached skill level 7 in Conjurations
  3293 | D:4      | Reached XP level 6. HP: 32/32 MP: 2/13
  3504 | D:4      | Noticed Edmund
  3526 | D:4      | Found a glowing drain.
  3538 | D:4      | Noticed a water moccasin
  3546 | D:4      | Killed a water moccasin
  3573 | D:4      | Reached XP level 7. HP: 21/36 MP: 2/15
  3863 | Sewer    | Entered a sewer
  3939 | Sewer    | Reached skill level 8 in Conjurations
  4137 | D:4      | Learned a level 4 spell: Fulminant Prism
  4349 | D:4      | Reached skill level 5 in Spellcasting
  4750 | D:5      | Entered Level 5 of the Dungeon
  4997 | D:5      | Noticed Ijyb
  5483 | D:5      | Reached skill level 9 in Conjurations
  5617 | D:5      | Reached XP level 8. HP: 38/41 MP: 10/18
  6124 | D:5      | Identified the +4 quarterstaff of Truncation {vorpal, rPois
                  | Str+4}
  6202 | D:5      | Killed Ijyb
  6305 | D:6      | Noticed Prince Ribbit
  6314 | D:6      | Killed Prince Ribbit
  6315 | D:6      | Reached skill level 1 in Staves
  6315 | D:6      | Reached skill level 5 in Translocations
  6542 | D:6      | Found a staircase to the Ecumenical Temple.
  6661 | D:6      | Noticed Grinder
  6666 | D:6      | Killed Grinder
  6667 | D:6      | Reached skill level 10 in Conjurations
  6859 | D:6      | Noticed Pikel
  7144 | D:6      | Killed Pikel
  7145 | D:6      | Reached skill level 1 in Armour
  7145 | D:6      | Reached XP level 9. HP: 45/45 MP: 11/21
  7587 | D:7      | Noticed Joseph
  7617 | Temple   | Entered the Ecumenical Temple
  7647 | Temple   | Became a worshipper of Vehumet
  7930 | D:7      | Gained mutation: You are robust. (+10% HP) [potion of
                  | mutation]
  7930 | D:7      | Gained mutation: You have large cloven feet. [potion of
                  | mutation]
  7930 | D:7      | Gained mutation: Your mind is acute. (Int +2) [potion of
                  | mutation]
  7999 | D:7      | Identified the +1 cloak of Amegh {rCorr}
  8125 | D:7      | Shot with a sling bullet by Joseph

Illustrated notes

Levels and vault maps discovered:
D:1:      ebering_hopf_link, layout_loops_ring,
          dreamdust_ecumenical_altar_grove, minmay_misc_feat_four_crosses,
          minmay_pentomino_u2
D:2:      layout_rooms, basic_altar
D:3:      layout_rooms, minmay_misc_feat_plants
D:4:      layout_loops_ring, cheibrodos_sewer_entry_sluice,
          nicolae_grassy_gnolls, uniq_edmund
D:5:      layout_rooms, nicolae_underground_beach, uniq_ijyb
D:6:      layout_gridville, minmay_temple_entry_proselytizer, serial_glass,
          glass_columns_a, glass_columns_c, uniq_prince_ribbit1, uniq_pikel,
          uniq_grinder
D:7:      layout_basic, enter_bailey_5, corexii_item_surrounded_by_moat,
          uniq_joseph
Temple:   mainiacjoe_temple_trianglar_array

Skill      XL: |  1  2  3  4  5  6  7  8  9 |
---------------+----------------------------+-----
Conjurations   | 5 6 7 9 10 | 10.4
Translocations | 1 2 3 4 5 6 |  6.0
Spellcasting   | 4 5 7 |  7.3
Staves         | 2 |  2.7
Armour         | 1 |  1.3
Dodging        | |  2.4
Stealth        | |  2.4

Action                   |  1- 3 |  4- 6 |  7- 9 || total
-------------------------+-------+-------+-------++-------
Melee: Unarmed           |       |     2 |     5 ||     7
       Punch             |       |       |     1 ||     1
 Cast: Magic Dart        |    80 |    76 |   145 ||   301
       Searing Ray       |     1 |    13 |    19 ||    33
       Iskenderun's Myst |       |     2 |    21 ||    23
       Fulminant Prism   |       |       |     2 ||     2
  Use: Scroll            |       |     5 |     8 ||    13
       Potion            |       |       |    10 ||    10
Armor: Robe              |     1 |     1 |     4 ||     6
Dodge: Dodged            |     3 |    24 |    11 ||    38
